Map: Deathaura LE

Players

Neeblet (Neeb) - Winner!

  • Race: Protoss Protoss
  • Spawn Location: 11:00

RiSky

  • Race: Zerg Zerg
  • League: Master
  • Spawn Location: 5:00

Event: DreamHack SC2 Masters 2020 Summer Season Finals

VOD

Have the link to the VOD?

Description

Time

  • Played on: July 16, 2020, 12:27 p.m.
  • Length: 18:42

All games in this series

Show
View Real Time Build Order
Export as new Build Order

Neeblet Protoss - Winner!

Build Orders: 1 Gate Expand, Oracle Opening, Archon Immortal 

Get SALT Encoding   

  12  0:00  Probe  
  13  0:13  Probe  
  14  0:18  Pylon  
  14  0:25  Probe  
  15  0:32  Assimilator  
  15  0:33  Probe  
  15  0:41  Probe  
  16  0:43  Gateway  
  17  0:51  Probe  
  18  1:03  Probe  
  19  1:15  Probe  
  20  1:22  Nexus  
  20  1:32  Cybernetics Core  
  20  1:35  Probe  
  21  1:40  Assimilator  
  21  1:47  Probe  
  21  1:49  Pylon  
  22  1:55  Probe  
  22  1:59  Stalker  
  23  2:03  Probe  
  26  2:09  Warp Gate  
  26  2:13  Probe  
  27  2:24  Stargate  
  27  2:25  Probe  
  27  2:29  Adept  
  30  2:32  Probe  
  31  2:38  Probe  
  31  2:40  Probe  
  33  2:50  Probe  
  34  2:52  Probe  
  34  2:53  Gateway  
  35  2:59  Oracle  
  35  3:00  Adept  
  35  3:02  Probe  
  39  3:05  Probe  
  42  3:15  Probe, Pylon  
  42  3:17  Probe  
  44  3:26  Oracle  
  44  3:27  Probe  
  44  3:29  Probe  
  46  3:35  Assimilator  
  46  3:37  Assimilator  
  46  3:39  Probe  
  50  3:42  Pylon, Probe  
  51  3:51  Probe  
  51  3:52  Robotics Facility  
  51  3:54  Probe  
  53  4:01  Adept x2  
  57  4:04  Probe  
  57  4:05  Pylon  
  57  4:06  Probe  
  59  4:16  Probe  
  60  4:18  Probe  
  60  4:23  Nexus  
  61  4:27  Pylon  
  61  4:29  Adept  
  63  4:31  Adept  
  63  4:37  Probe x2  
  67  4:41  Immortal  
  67  4:50  Probe  
  72  4:52  Sentry  
  72  4:53  Sentry  
  72  4:54  Probe  
  77  5:02  Probe  
  78  5:09  Shield Battery  
  78  5:20  Pylon  
  78  5:21  Pylon  
  78  5:26  Pylon  
  78  5:29  Immortal  
  78  5:35  Probe x2  
  76  5:44  Sentry x2  
  76  5:45  Probe  
  76  5:46  Gateway  
  76  5:47  Probe  
  76  5:48  Gateway  
  78  5:54  Probe  
  79  5:57  Probe  
  79  5:59  Gateway  
  79  6:00  Gateway  
  79  6:03  Observer  
  80  6:04  Probe  
  80  6:05  Gateway  
  80  6:06  Gateway  
  80  6:11  Sentry, Probe  
  83  6:13  Sentry  
  83  6:14  Probe  
  83  6:15  Pylon  
  88  6:19  Warp Prism  
  88  6:28  Probe x2  
  88  6:32  Probe  
  93  6:33  Assimilator  
  93  6:34  Assimilator  
  93  6:38  Stalker x2  
  97  6:40  Probe  
  98  6:47  Stalker  
  98  6:48  Stalker  
  98  6:49  Probe x2  
  104  6:55  Stalker, Forge  
  104  6:56  Stalker  
  104  6:57  Twilight Council  
  104  7:01  Probe  
  109  7:02  Probe  
  109  7:04  Stalker x4  
  109  7:08  Probe  
  119  7:11  Pylon  
  119  7:20  Stalker x4  
  124  7:37  Stalker x4  
  132  7:48  Charge  
  130  7:51  Immortal  
  132  8:04  Stalker x3, Probe x2  
  132  8:05  Stalker  
  133  8:12  Templar Archives  
  133  8:14  Pylon  
  133  8:15  Pylon  
  133  8:17  Nexus, Pylon  
  133  8:19  Pylon  
  133  8:23  Immortal  
  133  8:33  Pylon, Zealot x6  
  149  8:37  Pylon, Zealot x2  
  149  8:40  Photon Cannon  
  153  8:43  Pylon  
  153  8:47  Probe x2  
  155  8:50  Shield Battery  
  155  8:54  High Templar x5  
  155  8:55  High Templar  
  167  8:58  Archon  
  167  8:59  Stalker, Archon  
  167  9:00  Stalker, Archon  
  171  9:09  Immortal  
  171  9:16  Forge  
  163  9:21  Forge  
  163  9:22  Probe x2  
  165  9:25  Protoss Ground Weapons Level 1  
  165  9:26  Protoss Ground Armor Level 1, Probe  
  166  9:34  High Templar x3  
  166  9:35  High Templar, Zealot x4  
  166  9:38  Probe x2  
  184  9:39  Assimilator  
  184  9:41  Assimilator, Probe  
  185  9:46  Archon  
  185  9:47  Archon  
  185  9:51  Immortal  
  189  10:01  Zealot x4  
  197  10:11  Photon Cannon  
  197  10:13  Photon Cannon  
  195  10:15  Photon Cannon  
  195  10:16  Photon Cannon, Shield Battery  
  193  10:25  Stalker x6  
  193  10:31  Twilight Council  
  193  10:40  Fleet Beacon  
  193  10:53  High Templar x2  
  193  10:57  Photon Cannon x2  
  197  10:58  Archon  
  197  10:59  Photon Cannon  
  197  11:02  Photon Cannon  
  197  11:05  Photon Cannon x2  
  197  11:08  Shield Battery  
  197  11:13  Gateway x2  
  197  11:16  Gateway, Stalker  
  197  11:18  Gateway  
  199  11:21  Stalker x3  
  195  11:27  Stalker x2  
  195  11:30  Protoss Ground Weapons Level 2  
  199  11:35  Blink  
  199  11:38  Protoss Ground Armor Level 2  
  199  11:51  Psionic Storm  
  199  11:57  Nexus  
  184  12:03  Probe x2  
  184  12:04  Probe  
  184  12:06  High Templar x2, Probe  
  184  12:07  High Templar x2  
  187  12:11  Dark Shrine  
  187  12:15  Probe x2  
  189  12:16  Probe  
  189  12:18  Probe  
  191  12:27  Probe x2  
  191  12:28  Probe  
  194  12:30  Probe  
  194  12:31  High Templar x2  
  199  12:39  Probe  
  199  12:40  Photon Cannon  
  200  12:45  Observer  
  199  13:06  Observer  
  198  13:13  Pylon  
  198  13:14  Zealot  
  199  13:33  Nexus  
  199  13:39  Pylon  
  197  13:42  Pylon  
  197  13:43  Stalker  
  193  13:50  Probe x3  
  193  13:53  Probe  
  193  13:54  Stalker x8  
  193  13:55  Stalker  
  197  13:58  Probe x2  
  197  13:59  Probe  
  197  14:01  Probe  
  195  14:06  Probe  
  195  14:07  Probe x2  
  200  14:18  Photon Cannon  
  200  14:20  Photon Cannon  
  200  14:22  Photon Cannon, Protoss Shields Level 1, Protoss Ground Weapons Level 3  
  200  14:27  Protoss Air Weapons Level 1  
  200  14:36  Probe  
  181  14:39  Photon Cannon  
  181  14:40  Probe  
  181  14:42  Photon Cannon, Zealot x10  
  181  14:44  Photon Cannon  
  198  14:45  Photon Cannon  
  198  14:48  Shield Battery  
  198  14:51  Shield Battery  
  196  14:53  Shield Battery  
  122  15:07  Zealot  
  122  15:08  Zealot x7  
  122  15:11  High Templar x4  
  122  15:12  Probe  
  125  15:14  Probe x2  
  125  15:18  Probe  
  122  15:23  Probe  
  122  15:24  Probe  
  124  15:30  High Templar x3  
  124  15:31  High Templar x4  
  124  15:32  High Templar  
  124  15:35  Archon x2  
  140  15:36  Archon  
  140  15:39  Probe x3  
  143  15:43  Probe  
  143  15:45  Probe  
  143  15:47  Assimilator x2  
  145  15:54  High Templar x4  
  145  15:56  Immortal  
  157  16:03  Probe x2  
  157  16:07  High Templar x3  
  157  16:08  Dark Templar x2  
  164  16:13  Archon  
  164  16:15  Stalker x2  
  164  16:16  Stalker, Archon  
  170  16:30  Dark Templar  
  172  16:43  Stalker x5  
  172  16:45  Zealot  
  172  16:46  Nexus  
  180  17:07  Stalker  
  180  17:08  Stalker x8  
  188  17:13  Stalker x9  
  193  17:17  Archon  
  175  17:30  Pylon  
  175  17:32  Pylon  
  175  17:37  Archon, Pylon  
  175  17:40  Dark Templar x4, Pylon  
  175  17:41  Zealot x3  
  189  17:54  Oracle  
  190  18:08  Photon Cannon, Dark Templar  
  190  18:09  Dark Templar x3  
  190  18:10  Photon Cannon  
  192  18:13  Photon Cannon  
  178  18:22  Stalker x3  
  178  18:23  Stalker  
  179  18:27  Probe  
  179  18:28  Probe x2  
  179  18:30  Photon Cannon  
Show
View Real Time Build Order
Export as new Build Order

RiSky Zerg 

Build Orders: Hatch First 

Get SALT Encoding   

  12  0:00  Drone  
  13  0:12  Overlord  
  13  0:16  Drone  
  14  0:30  Drone x2  
  16  0:47  Hatchery  
  15  0:51  Drone  
  15  0:54  Drone  
  17  0:58  Drone  
  18  1:08  Extractor  
  17  1:13  Spawning Pool  
  17  1:15  Drone  
  17  1:20  Drone  
  18  1:29  Drone  
  19  1:38  Drone  
  20  1:48  Overlord  
  20  1:59  Queen x2  
  20  2:00  Zergling x4  
  26  2:10  Drone x2  
  26  2:13  Metabolic Boost  
  28  2:21  Drone x2  
  30  2:33  Hatchery  
  29  2:37  Drone  
  29  2:42  Queen  
  32  2:46  Overlord  
  32  2:50  Drone  
  33  2:52  Drone  
  34  3:00  Drone  
  34  3:01  Drone  
  34  3:05  Drone  
  37  3:12  Drone x4  
  40  3:18  Overlord  
  40  3:19  Queen  
  42  3:23  Drone  
  43  3:32  Drone, Spore Crawler  
  43  3:42  Drone x3  
  43  3:43  Drone x2  
  43  3:45  Overlord  
  43  3:46  Drone x2  
  50  3:50  Drone  
  50  3:51  Queen  
  50  3:54  Drone  
  54  3:56  Queen  
  54  3:59  Overlord  
  56  4:04  Roach Warren  
  56  4:10  Drone  
  56  4:11  Zergling x8  
  56  4:14  Zergling x4  
  62  4:17  Zergling x4  
  62  4:21  Zergling x4  
  66  4:25  Zergling x2  
  66  4:27  Zergling x4  
  66  4:28  Zergling x2, Spine Crawler  
  67  4:42  Drone  
  67  4:43  Drone x6  
  71  4:46  Drone x2  
  73  4:53  Spore Crawler  
  73  4:55  Overlord, Spore Crawler  
  73  4:58  Drone  
  73  4:59  Overlord  
  68  5:10  Drone x5  
  72  5:14  Drone  
  72  5:17  Lair  
  72  5:20  Drone x4  
  72  5:21  Extractor  
  75  5:22  Drone, Extractor  
  75  5:25  Drone x3  
  78  5:28  Drone  
  78  5:30  Zergling x2  
  78  5:31  Zergling x4  
  83  5:35  Zergling x2  
  83  5:36  Zergling x2  
  81  5:43  Drone x3  
  81  5:46  Extractor  
  81  5:47  Evolution Chamber, Extractor  
  81  5:48  Drone  
  82  5:53  Drone x2  
  82  5:54  Drone x2  
  82  5:55  Drone  
  86  5:58  Drone  
  86  5:59  Drone x2  
  86  6:03  Overlord  
  89  6:05  Overlord  
  89  6:08  Hatchery, Overlord  
  88  6:14  Extractor  
  88  6:15  Overlord  
  87  6:21  Zerg Melee Weapons Level 1  
  87  6:23  Drone x2  
  90  6:25  Drone  
  90  6:26  Drone x5  
  90  6:30  Drone x6  
  90  6:32  Glial Reconstitution  
  101  6:33  Overlord  
  101  6:37  Roach  
  103  6:42  Roach  
  103  6:45  Roach  
  107  6:49  Roach x3  
  107  6:50  Baneling Nest  
  107  6:54  Overlord x3  
  112  6:59  Roach  
  112  7:02  Roach  
  112  7:03  Roach  
  112  7:06  Roach  
  113  7:09  Ravager, Overlord  
  114  7:18  Zergling x18  
  114  7:20  Ravager x6  
  129  7:25  Zergling x2  
  129  7:28  Roach x3  
  136  7:33  Roach x2  
  136  7:35  Ravager x2  
  136  7:36  Ravager  
  143  7:43  Roach x7  
  147  7:53  Overlord  
  147  7:56  Overlord  
  147  7:58  Overseer  
  143  8:05  Roach x7  
  152  8:06  Overlord x2  
  152  8:07  Centrifical Hooks  
  152  8:11  Overlord  
  152  8:13  Ravager x4  
  152  8:14  Zergling x8  
  152  8:15  Overlord  
  152  8:18  Overlord x2  
  160  8:20  Zerg Melee Weapons Level 2  
  160  8:23  Zergling x6  
  163  8:33  Drone x3  
  166  8:34  Hatchery  
  166  8:36  Hatchery  
  166  8:38  Drone x3  
  166  8:39  Drone  
  168  8:49  Baneling x6  
  168  8:51  Zergling x10  
  168  8:54  Zergling x4  
  175  9:00  Zergling x6  
  166  9:21  Zergling x2  
  166  9:22  Zergling x12  
  171  9:24  Hatchery  
  171  9:29  Zergling x8  
  174  9:34  Zergling x4  
  174  9:37  Infestation Pit  
  175  9:42  Drone x2  
  175  9:43  Pneumatized Carapace  
  177  9:46  Zergling x2  
  177  9:48  Zergling x4  
  179  9:54  Zergling x2  
  179  9:55  Zergling x6  
  179  9:59  Spine Crawler x2  
  181  10:00  Spine Crawler  
  181  10:01  Zergling x10  
  181  10:04  Zergling x4  
  186  10:10  Zergling x4  
  186  10:18  Baneling x4  
  186  10:19  Baneling x2, Zergling x2  
  186  10:20  Zergling x8  
  191  10:24  Zergling x10  
  189  10:29  Hive  
  189  10:30  Spire  
  189  10:32  Zergling x6  
  186  10:35  Zergling x2  
  186  10:36  Zergling x2  
  186  10:39  Zerg Missile Weapons Level 1  
  188  10:43  Zergling x6  
  188  10:47  Drone x3  
  188  10:48  Drone  
  188  10:49  Spore Crawler  
  194  10:54  Drone x3  
  194  10:55  Drone  
  198  10:59  Drone  
  198  11:03  Drone  
  200  11:10  Baneling x14  
  200  11:11  Overlord x2  
  192  11:19  Zergling x22  
  192  11:23  Zergling x10  
  188  11:27  Zergling x2  
  188  11:28  Zergling x4  
  191  11:37  Zergling x10  
  196  11:42  Zergling x2  
  196  11:44  Adrenal Glands  
  196  11:45  Zergling x2, Greater Spire  
  196  11:46  Baneling x9, Zergling x2  
  196  11:47  Baneling x17  
  199  11:48  Zergling x2  
  199  11:56  Baneling x6  
  199  11:57  Baneling x22  
  192  12:06  Zergling x20  
  199  12:17  Zergling x2  
  198  12:28  Zergling x4  
  198  12:42  Zerg Ground Armor Level 1  
  198  12:44  Evolution Chamber  
  198  12:50  Hatchery  
  188  12:59  Corruptor  
  188  13:00  Corruptor x4  
  198  13:10  Zergling x12  
  196  13:20  Zergling x8  
  197  13:34  Baneling x15  
  197  13:40  Zergling x14  
  198  13:43  Zergling x12  
  198  13:44  Zergling x4  
  198  13:46  Zergling x18  
  195  13:50  Zergling x6  
  195  13:52  Baneling x8  
  189  13:56  Zergling x2  
  189  13:57  Zergling x4  
  189  14:00  Zergling x4  
  181  14:03  Brood Lord x5  
  190  14:13  Zergling x20  
  190  14:16  Baneling x14  
  200  14:20  Zerg Melee Weapons Level 3  
  197  14:34  Zergling x2  
  197  14:35  Zergling x16  
  190  14:40  Zergling x20  
  186  14:50  Zergling x2  
  186  14:51  Zergling x8  
  189  14:57  Zergling x6  
  170  15:05  Zergling x10  
  150  15:11  Zergling x2  
  150  15:12  Queen  
  150  15:13  Queen  
  142  15:16  Zergling x6  
  142  15:19  Baneling x6  
  142  15:20  Roach  
  140  15:22  Queen  
  140  15:28  Hatchery  
  141  15:29  Roach x4  
  141  15:31  Roach  
  141  15:32  Roach x2  
  141  15:33  Corruptor  
  141  15:34  Corruptor  
  159  15:39  Corruptor x2  
  163  15:44  Corruptor x2  
  165  15:50  Corruptor x2  
  165  15:52  Spore Crawler  
  165  15:54  Corruptor x2  
  170  15:57  Zergling x6  
  170  16:00  Overseer x2  
  168  16:15  Corruptor x3  
  174  16:19  Brood Lord  
  174  16:24  Pathogen Glands  
  174  16:44  Baneling x13  
  174  16:47  Drone x2  
  174  16:49  Zergling x10  
  171  17:03  Brood Lord  
  171  17:04  Zergling x2  
  171  17:05  Zergling x16  
  180  17:12  Brood Lord  
  175  17:18  Zergling x18  
  173  17:25  Zergling x10  
  172  17:31  Brood Lord  
  172  17:35  Brood Lord  
  168  17:39  Brood Lord  
  168  17:41  Baneling  
  168  17:42  Queen  
  172  17:46  Baneling x3  
  98  18:22  Roach  
  98  18:23  Roach x11  
Tags
 
Add a new tag
Caveats
  • Supply blocks, unpowered buildings, or Contaminate may cause inaccurate times.
  • Supply counts are checked every 10 seconds.